[Event "7th Porticcio Open 2022"]
[Site "Porticcio"]
[Date "2022.07.04"]
[Round "4.5"]
[White "Droin, Augustin"]
[Black "Maugenest, Ghislain"]
[Result "1-0"]
[ECO "C88"]
[WhiteElo "2391"]
[BlackElo "2203"]
[Annotator "TA"]
[PlyCount "95"]
[EventDate "2022.07.02"]
[EventType "swiss"]
[EventCountry "FRA"]
[SourceTitle "playchess.com"]
[Source "ChessBase"]
[SourceQuality "1"]
[TimeControl "5400+30"]

1. e4 e5 2. Nf3 Nc6 3. Bb5 a6 4. Ba4 Nf6 5. O-O Be7 6. Re1 b5 7. Bb3 O-O 8. a4 Bb7 9. d3 d6 10. Bd2 Nd7 11. Nc3 {[%emt 0:09:18] C88: Closed Ruy Lopez: Anti-Marshall Systems.} Nc5 12. Bd5 b4 13. Ne2 {[%emt 0:00:31] White is slightly better.} Rb8 14. Ng3 {[%emt 0:10:52] [#]} g6 $146 ({Predecessor:} 14... Ne6 15. Be3 Re8 16. a5 Bf8 17. c3 bxc3 18. bxc3 Ne7 19. Bxb7 Rxb7 20. d4 Ng6 {1-0 (60) Pichot,A (2629)-Abdumalik,Z (2380) Dubai 2021}) 15. a5 b3 16. Bc3 {[%emt 0:05:36] Prevents Nd4.} bxc2 17. Qxc2 Qd7 18. Rac1 Ne6 19. Qd2 Bf6 20. Ne2 Ncd4 21. Bxd4 exd4 (21... Nxd4 $11 22. Nexd4 exd4) 22. b4 $14 Rfc8 23. Bxe6 {[%emt 0:06:16] White is more active.} fxe6 24. Nexd4 c5 25. bxc5 dxc5 26. Ne2 (26. Nb3 $16) 26... Bg7 (26... c4 $1 $14) 27. Qa2 Rc6 28. d4 cxd4 {[%emt 0:00:35] [#]} 29. Rxc6 $1 Bxc6 {[%emt 0:00:21] This bishop pair is nice.} 30. Nexd4 Re8 (30... Rb4 $14 31. Nxc6 (31. Qxe6+ Qxe6 32. Nxe6 Bc3 $11) (31. Nxe6 Rb2 $14) 31... Qxc6) 31. Nxc6 $16 Qxc6 32. h3 Rc8 (32... Bf6 $142 33. Qd2 Rc8) 33. Ng5 (33. Rd1 $142) 33... Qc4 (33... Bh6 $142) 34. Qxc4 Rxc4 35. Nxe6 {[%emt 0:02:29][%mdl 4096] Endgame KRB-KRN} Bc3 {[%emt 0:00:20] [#] This costs Black the game.} (35... Be5 $16 36. f4 Bf6) 36. Rc1 $1 $18 Rxe4 37. Rxc3 {[%emt 0:00:09] Hoping for Rc8+.} Rxe6 {[%emt 0:00:01] KR-KR} 38. Rc8+ Kf7 39. Rc7+ Kf6 40. f3 (40. Rxh7 Re5 $16) 40... h5 41. h4 Ke5 42. Kf2 Kf6 $2 (42... Kd4 {is a better defense.} 43. g4 Ke5) 43. Rb7 {[%emt 0:00:04] And now Rb6 would win.} Ke5 44. g4 {[%emt 0:00:58] Rb6 is the strong threat.} Kd4 (44... Re8 $142 45. Rb6 hxg4 46. fxg4 (46. Rxg6 gxf3 47. Kxf3 Kf5 $18) 46... Rg8) 45. Rb6 Kd5 46. Rxe6 {[%emt 0:00:37] White mates.} Kxe6 47. gxh5 gxh5 48. f4 {[%emt 0:00:23] Weighted Error Value: White=0.09 (flawless) /Black=0.49} 1-0

[Event "7th Porticcio Open 2022"]
[Site "Porticcio"]
[Date "2022.07.04"]
[Round "4.6"]
[White "Mastrovasilis, Athanasios"]
[Black "Bogdanov, Egor"]
[Result "1-0"]
[ECO "D27"]
[WhiteElo "2527"]
[BlackElo "2382"]
[Annotator "TA"]
[PlyCount "73"]
[EventDate "2022.07.02"]
[EventType "swiss"]
[EventCountry "FRA"]
[SourceTitle "playchess.com"]
[Source "ChessBase"]
[SourceQuality "1"]
[TimeControl "5400+30"]

1. d4 d5 2. Nf3 Nf6 3. c4 e6 4. e3 dxc4 5. Bxc4 c5 6. O-O a6 7. Bd3 cxd4 8. exd4 Nc6 9. Nc3 Be7 10. a3 O-O 11. Bg5 Nd5 {[%emt 0:04:24] E57: Nimzo-Indian: Rubinstein: Main Line: 7...Nc6 8 a3 dxc4 9 Bxc4 cxd4.} 12. Bd2 Nf6 13. Be3 Nd5 {[%emt 0:08:42] The position is equal.} 14. Qc2 {[%emt 0:02:53] [#]} Nxe3 $146 (14... g6 $11 {remains equal.}) ({Predecessor:} 14... g6 15. Bh6 Re8 16. Be4 Bf6 17. Rad1 Qd6 18. Qb3 Nce7 19. Ne5 b5 20. Bxd5 exd5 21. Bf4 Qe6 22. Rfe1 Qf5 23. Nxd5 Nxd5 24. Qxd5 Be6 25. Qf3 Bxe5 26. Rxe5 Qc2 27. Rde1 Qxb2 28. Bh6 {1-0 (26) Ghaem Maghami,E (2574)-Omidi,A (2313) Rasht 2017}) 15. Bxh7+ $16 ({But not} 15. fxe3 h6 $14) 15... Kh8 16. fxe3 f5 17. Bg6 {[%emt 0:02:58] Threatens to win with Rad1.} Bg5 18. Qe2 Bh6 19. h4 e5 (19... Qf6 $1 $14 20. h5 Bd7) 20. dxe5 Ne7 (20... Be6 $16) 21. h5 Qb6 22. Rad1 Qxe3+ 23. Qxe3 Bxe3+ 24. Kh2 Nxg6 (24... Be6 $16 {was worth a try.} 25. Rd6 Bc4) 25. hxg6 $18 {[%emt 0:00:16] [#] Hoping for Nd5.} Be6 (25... f4 $142 26. Nd5 Bf5) 26. Nd5 Bxd5 27. Rxd5 Rae8 28. Re1 Bb6 29. Ng5 {[%emt 0:03:17] [#] And now Nf7+ would win.} Kg8 30. Kg3 Bc7 31. Kf4 Rf6 32. Rd7 Rc6 33. Nf7 {[%emt 0:00:47] Threatening mate with Rh1.} Rxg6 34. Rxc7 {[%emt 0:01:00] Intending Rh1 and mate. Active counter play!} Rxg2 35. Rh1 {[%emt 0:00:54][%csl Gf7][%cal Rh1h8] White mates.} g5+ 36. Kf3 Rxb2 37. Nh6+ {[%emt 0:00:28] Weighted Error Value: White=0.08 (flawless) /Black=0.63} 1-0

[Event "7th Porticcio Open 2022"]
[Site "Porticcio"]
[Date "2022.07.04"]
[Round "4.7"]
[White "Villegas, Pierre"]
[Black "Yankelevich, Lev"]
[Result "0-1"]
[ECO "E46"]
[WhiteElo "2294"]
[BlackElo "2496"]
[Annotator "TA"]
[PlyCount "76"]
[EventDate "2022.07.02"]
[EventType "swiss"]
[EventCountry "FRA"]
[SourceTitle "playchess.com"]
[Source "ChessBase"]
[SourceQuality "1"]
[TimeControl "5400+30"]

1. d4 Nf6 2. c4 e6 3. Nc3 Bb4 4. e3 O-O 5. Bd2 c5 6. a3 {[%emt 0:00:53] E46: Nimzo-Indian: Rubinstein: 4 e3 0-0 5 Ne2 without early Bd3.} Bxc3 7. Bxc3 Ne4 8. Qc2 {[%emt 0:03:19] The position is equal.} Nxc3 9. Qxc3 cxd4 10. Qxd4 Nc6 11. Qc3 b6 12. Nf3 Bb7 {[%emt 0:01:20] [#]} 13. h4 $146 ({Predecessor:} 13. Be2 Rc8 14. b4 d5 15. Rd1 Ne7 16. Qb2 Qc7 17. Rc1 dxc4 18. Rxc4 Qd6 19. Rxc8 Rxc8 {½-½ (38) Rakotomaharo,F (2430)-Fier,A (2539) Cannes 2020}) 13... Rc8 14. h5 h6 15. Rh4 Qe7 16. Rd1 Rfd8 17. Rg4 {[%emt 0:06:47][%csl Gg4][%cal Rc3g7] [#]} f6 18. Nh4 Ne5 19. Ng6 Nxg6 20. hxg6 e5 (20... Qe8 $17) 21. e4 $1 $11 d5 22. exd5 Bxd5 23. Qb4 Qxb4+ 24. axb4 Be6 25. Rxd8+ Rxd8 {[%emt 0:00:01][%mdl 4096] Endgame KRB-KRB} 26. Rg3 Kf8 27. Ra3 Rd7 28. c5 bxc5 29. bxc5 Bf5 (29... Rb7 $5 ) 30. b4 (30. Rb3 $5 Ke7 31. Ra3 $11) 30... Bxg6 31. b5 Be4 (31... Bf5 $11) 32. Be2 (32. f3 $14 Bf5 33. b6 axb6 34. cxb6) 32... Ke7 33. Bg4 Rc7 34. b6 $2 (34. f3 $11 f5 35. fxe4 fxg4 36. Kd2) 34... axb6 $19 ({Resist} 34... Rxc5 35. f3 Rc1+ 36. Kf2 axb6 37. fxe4 $16) 35. cxb6 {[%emt 0:00:01] [#]} Rb7 36. Rb3 Rb8 {[%emt 0:00:34] Prevents Bc8.} ({Worse is} 36... Bxg2 37. f3 $11) (36... Bd5 $19 37. Rb5 Kd6) 37. f3 (37. Ke2 $17) 37... Bd5 38. Rb2 Kd6 {[%emt 0:00:10] Weighted Error Value: White=0.24 (precise) /Black=0.11 (very precise)} 0-1

[Event "7th Porticcio Open 2022"]
[Site "Porticcio"]
[Date "2022.07.04"]
[Round "4.8"]
[White "Rakotomaharo, Fy Antenaina"]
[Black "Houhou, Alexandre"]
[Result "1-0"]
[ECO "C02"]
[WhiteElo "2490"]
[BlackElo "2185"]
[Annotator "TA"]
[PlyCount "73"]
[EventDate "2022.07.02"]
[EventType "swiss"]
[EventCountry "FRA"]
[SourceTitle "playchess.com"]
[Source "ChessBase"]
[SourceQuality "1"]
[TimeControl "5400+30"]

1. e4 e6 2. d4 d5 3. e5 c5 4. c3 Nc6 5. Nf3 Qb6 6. Be2 cxd4 7. cxd4 Nh6 8. Bxh6 $1 {[%emt 0:00:14][%mdl 4] Bc1 is the strong threat. now scores much better than the old 8.Nc3.} Qxb2 {[%emt 0:00:03] C02: French: Advance Variation.} 9. Nc3 Qxc3+ 10. Bd2 Qa3 {[%emt 0:00:01] [#] Black has an edge.} 11. h4 $146 ({Predecessor:} 11. O-O a6 12. Qc2 h6 13. Rab1 Qe7 14. Rb6 Qc7 15. Rfb1 Be7 16. Bd1 a5 17. R6b3 {1-0 (51) Durarbayli,V (2618)-Jumabayev,R (2621) Saint Louis 2018}) 11... Bb4 12. O-O Bxd2 13. Qxd2 Qe7 14. Rab1 O-O 15. Rfc1 f6 16. Qe3 fxe5 17. dxe5 Bd7 (17... h6 $11 {remains equal.}) 18. Rxb7 $16 Rab8 19. Rcb1 ({Much less strong is} 19. Rc7 $6 Rb6 $16) 19... a5 20. Bd3 (20. Rxb8 $18 Rxb8 21. Rxb8+ Nxb8 22. Qb6) 20... Nb4 {[%emt 0:03:58] [#]} 21. Rxb8 Rxb8 22. a3 Nc6 {[%emt 0:00:07] Prevents Qa7.} 23. Rxb8+ Nxb8 24. h5 {[%emt 0:00:27][%cal Bh4h5,Bh5h6][%mdl 32] White is more active.} Nc6 ({Better is} 24... h6 $14) 25. h6 g6 26. Qc1 Be8 {[%emt 0:03:44] [#]} 27. a4 $1 {[%emt 0:04:23] aiming for Bb5.} Na7 {[%emt 0:02:28] Against Bb5} (27... Nd8 {was worth a try.}) 28. Qc2 $18 Qd7 29. Qc5 Nc6 30. Bb5 d4 31. Bc4 (31. Qc1 $142) 31... d3 (31... Qe7 $142 32. Qxe7 Nxe7 33. Bxe6+ (33. Nxd4 Bxa4 34. Nxe6 Bc6 $16) 33... Kh8 34. Nxd4 Bxa4) 32. Qe3 Nb4 33. Qd2 (33. Bb5 $142 Nc6 34. Bxd3 (34. Qxd3 Qxd3 35. Bxd3 Nd8 $14)) 33... Qxa4 (33... Qc8 $18 34. Qf4 Nd5) 34. Bxe6+ {[%emt 0:00:04] White mates.} Bf7 {[%emt 0:00:27] [#]} 35. Qg5 $1 Bxe6 (35... Qe8 36. Qf6) 36. Qd8+ Kf7 37. Ng5# {[%emt 0:00:05] Weighted Error Value: White=0.16 (very precise) /Black=0.54} 1-0

[Event "7th Porticcio Open 2022"]
[Site "Porticcio"]
[Date "2022.07.05"]
[Round "5.1"]
[White "Venkatesh, M.R."]
[Black "Maurizzi, Marc Andria"]
[Result "1/2-1/2"]
[ECO "C43"]
[WhiteElo "2479"]
[BlackElo "2506"]
[Annotator "TA"]
[PlyCount "69"]
[EventDate "2022.07.02"]
[EventType "swiss"]
[EventCountry "FRA"]
[SourceTitle "playchess.com"]
[Source "ChessBase"]
[SourceQuality "1"]
[TimeControl "5400+30"]

1. e4 e5 2. Nf3 Nf6 3. d4 Nxe4 4. Bd3 Nc6 5. Nxe5 Nxe5 6. dxe5 {[%emt 0:00:08] C43: Petroff Defence: 3 d4.} Nc5 $1 {[%emt 0:00:21] The main line 6...Nc5 scores better than 6...d5.} 7. Bc4 d6 8. Qf3 {[%emt 0:00:20][%csl Gc4][%cal Rf3f7] [#] White has an edge.} Ne6 9. exd6 Bxd6 10. Be3 Bd7 11. Bd5 {[%emt 0:00:26] [#] Prevents Bc6.} Be5 $146 ({Predecessor:} 11... c6 12. Bc4 O-O 13. Nd2 b5 14. Bb3 a5 15. a3 Qc7 16. Ne4 Be5 17. O-O-O a4 {½-½ (35) Predke,A (2682)-Yu,Y (2713) Belgrade 2022}) 12. Nc3 Qf6 13. Qxf6 Bxf6 14. O-O-O O-O-O 15. f4 {[%emt 0:15:40] The position is equal.} g6 16. Rhf1 Bxc3 17. bxc3 f5 18. Rfe1 Rhe8 19. g3 ({Of course not} 19. Bxa7 Nxf4 20. Be3 Nxd5 21. Rxd5 f4 $17) 19... Nf8 20. Bc5 {[%emt 0:19:17] [#] Hoping for Be7. This bishop pair is nice.} Be6 $1 21. Bxb7+ Kxb7 22. Rxd8 Rxd8 23. Bxf8 {[%emt 0:00:04] Be7 is the strong threat.} Bxa2 $11 {[%emt 0:00:04][%mdl 4096] Endgame KRB-KRB} 24. Bc5 Rd7 25. Kb2 Bc4 26. Bd4 Bd5 27. Ra1 a6 28. Ra4 Rd6 29. Ra5 Be4 30. Re5 Rd7 31. Kb3 Bd5+ 32. Kb4 Be4 33. Kb3 Bd5+ 34. Kb4 Be4 35. Kb3 {Weighted Error Value: White=0.03 (flawless) /Black=0.03 (flawless)} 1/2-1/2

[Event "7th Porticcio Open 2022"]
[Site "Porticcio"]
[Date "2022.07.05"]
[Round "5.2"]
[White "Can, Isik"]
[Black "Karttunen, Mika"]
[Result "1-0"]
[ECO "C65"]
[WhiteElo "2445"]
[BlackElo "2484"]
[Annotator "TA"]
[PlyCount "105"]
[EventDate "2022.07.02"]
[EventType "swiss"]
[EventCountry "FRA"]
[SourceTitle "playchess.com"]
[Source "ChessBase"]
[SourceQuality "1"]
[TimeControl "5400+30"]

1. e4 e5 2. Nf3 Nc6 3. Bb5 Nf6 4. d3 Bc5 5. Bxc6 dxc6 6. Nc3 Nd7 {[%emt 0:02:26] C48: Four Knights: 4 Bb5, replies other than 4...Bb4.} 7. Be3 Bxe3 8. fxe3 Qe7 {[%emt 0:02:58] The position is equal.} 9. O-O b6 10. Qe1 Bb7 {[%emt 0:03:05] [#]} 11. Rb1 $146 ({Predecessor:} 11. Qg3 f6 12. a3 a5 13. Nd2 h5 14. Nf3 g5 15. h4 Rg8 16. hxg5 fxg5 17. Nh4 {1-0 (45) Anand,V (2751)-So,W (2776) Warsaw 2022}) 11... O-O-O 12. b4 a6 13. Nd2 g6 14. a4 Rhf8 15. b5 (15. Qe2 $11) 15... f5 ({Better is} 15... cxb5 $1 $15 16. axb5 a5) 16. bxa6 $11 Bxa6 17. a5 b5 $1 18. Kh1 Qd6 19. h3 Nc5 20. Qh4 Rd7 21. Rf2 Ne6 (21... Rdf7 $1 $11 {keeps the balance.}) 22. exf5 $16 gxf5 23. Nf3 Rg7 24. Qh6 Rff7 {[%emt 0:05:38] [#]} (24... b4 $1 $11 25. Ne2 (25. Rxb4 Qxb4 26. Qxe6+ Kb8 $11) 25... Rg6) 25. Nh4 $1 $36 {[%emt 0:00:45][%mdl 2048] White is in control.} f4 26. Ne4 {[%emt 0:01:06] Prevents Ng5.} Qe7 27. exf4 exf4 28. Qh5 (28. Nf3 $18) 28... Ng5 $1 $14 29. Re1 {[%emt 0:00:43] White is more active.} Qe5 (29... Kb8 $14) 30. d4 ({White should try} 30. Rfe2 $18 Qd5 31. Nd2) 30... Qxe4 31. Rxe4 {[%emt 0:00:21] Dancing on a razor blade.} Nxe4 32. Kg1 Nxf2 33. Kxf2 Bb7 (33... Rd7 $16) 34. Qc5 {[%emt 0:00:21][%cal Oa5a6] Hoping for a6!} Rg8 $2 (34... Kb8 {is a better chance.} 35. Nf3 Rf6) 35. Nf5 (35. a6 $142 {Threatens to win with Qa7.} f3 36. axb7+ Kxb7 37. Nxf3) 35... Rgf8 $18 {[%emt 0:00:42] [#]} 36. Nh6 Rf6 37. Ng4 Rd6 38. Ne5 Rff6 (38... Rg8 $142 39. c3 h6) 39. Nd3 {[%emt 0:00:27][%cal Oa5a6] Strongly threatening a6!} f3 (39... Kb8 $16 40. Qe5 f3) 40. gxf3 {[%emt 0:00:34][%cal Oa5a6] a6! is the strong threat.} Rf7 $2 (40... Kb8 41. c3 Bc8) 41. a6 Bxa6 42. Qa7 c5 43. Nxc5 Kd8 44. Nxa6 {[%emt 0:00:14] Black must now prevent Qb8+.} Rdf6 45. Qa8+ Kd7 46. Nc5+ Ke7 47. Qe4+ Kd6 48. Nb7+ Kd7 49. Qd5+ Ke7 50. Qd8+ Ke6 51. Nc5+ Kf5 52. Ne4 (52. Qg8 $142 Rg6 53. Qxf7+ Kg5 54. Ne6+ Kh6 55. Qf8+ Kh5 56. Nf4+ Kh4 57. Qe7+ Rg5 58. Qxh7+ Rh5 59. Qxh5#) 52... Rb6 53. Qd5+ {[%emt 0:00:05] Weighted Error Value: White=0.34/Black=0.55} 1-0

[Event "7th Porticcio Open 2022"]
[Site "Porticcio"]
[Date "2022.07.05"]
[Round "5.3"]
[White "Clarke, Brandon G I"]
[Black "Droin, Augustin"]
[Result "1-0"]
[ECO "B42"]
[WhiteElo "2486"]
[BlackElo "2391"]
[Annotator "TA"]
[PlyCount "141"]
[EventDate "2022.07.02"]
[EventType "swiss"]
[EventCountry "FRA"]
[SourceTitle "playchess.com"]
[Source "ChessBase"]
[SourceQuality "1"]
[TimeControl "5400+30"]

1. e4 c5 2. Nf3 e6 3. d4 cxd4 4. Nxd4 a6 5. Bd3 Bc5 6. Nb3 Ba7 7. Qe2 Ne7 {[%emt 0:00:25] B42: Sicilian: Kan Variation: 5 Bd3.} 8. Be3 O-O 9. O-O {[%emt 0:01:04] 9.a4 is setting a new trend.} Nbc6 {[%emt 0:01:01] [#] The position is equal.} 10. f4 $146 ({Predecessor:} 10. Bxa7 Rxa7 11. c4 d5 12. N1d2 dxc4 13. Nxc4 b5 14. Ne3 Rd7 15. Rfd1 Qb6 16. Rac1 Ng6 17. g3 {½-½ (62) Mekhitarian,K (2569)-Kovalenko,I (2674) Chess.com INT 2022}) 10... f5 11. Bxa7 Rxa7 12. e5 (12. N1d2 $14) 12... d6 (12... g5 $11) 13. exd6 $14 Qxd6 14. N1d2 Ng6 15. Qe3 e5 16. Nc4 Qf6 (16... Qb8 $1 $11 {was preferrable.}) 17. fxe5 Ngxe5 18. Nb6 f4 19. Qe4 Nxd3 20. cxd3 Ne7 21. Qb4 Qg5 ({Better is} 21... a5 $14 22. Nxa5 Bg4) 22. Rae1 $1 $18 Bh3 23. Rf2 Ng6 24. Qc4+ Kh8 25. Qc5 Qxc5 26. Nxc5 {[%emt 0:00:01] Pair of Knights!} Bf5 27. Rfe2 (27. a4 $18) 27... Kg8 $16 28. Re8 Rxe8 29. Rxe8+ Kf7 30. Rb8 {[%emt 0:01:02] 0x0.000bd0ff00a3dp-1022s more active pieces.} Ne5 31. Rd8 $1 Nc6 32. Rd5 g6 33. a3 Ne7 34. Rd4 g5 35. h4 h6 36. Rd6 Kg7 37. hxg5 hxg5 38. Ne6+ Bxe6 39. Rxe6 $14 {[%emt 0:00:02][%mdl 4096] Endgame KRN-KRN} Nc6 {[%emt 0:00:43] [#]} (39... Nf5 $11) 40. b4 $1 $16 a5 41. b5 Nd4 42. Re5 a4 43. Rxg5+ Kf6 44. Rd5 Ne6 (44... Ne2+ {is a better defense.} 45. Kf2 Nc3) 45. Kf2 Ra5 46. Nc4 Ra8 47. b6 Rg8 48. Nd6 Nd8 49. Ne4+ Ke6 50. Ra5 Nc6 51. Rxa4 Ne5 52. Rd4 (52. d4 $18 Nd7 53. Ra5) 52... Ng4+ (52... Rc8 $16 53. Ke2 (53. Rd6+ Ke7 $16) 53... Rc2+ 54. Kd1 Rxg2) 53. Kf3 $18 Ke5 (53... Kf5 54. Ng3+ (54. Nd6+ Ke5 $16) 54... Ke5 55. Re4+ Kd5) 54. Rd7 Nh2+ 55. Kf2 Ng4+ 56. Kf3 $2 (56. Ke2 $18 {and White stays clearly on top.}) 56... Nh2+ $16 {[%emt 0:00:06] [#]} 57. Kf2 $2 (57. Ke2 $1 $16) 57... Ng4+ $18 58. Ke2 Nh2 59. Re7+ $2 (59. Rxb7 $18 Rxg2+ 60. Kd1) 59... Kd4 $14 60. Rd7+ $2 (60. Kf2 $14 Ng4+ 61. Kg1) 60... Ke5 $18 61. Rxb7 {[%emt 0:03:02] aiming for Re7+.} Rxg2+ 62. Kd1 Nf3 63. Rf7 Rg1+ 64. Kc2 Nd4+ 65. Kc3 Nb5+ $2 (65... Rc1+ 66. Kb2 Rc2+ 67. Kb1 Rc6) 66. Kb2 {[%emt 0:00:35] White is clearly winning.} Rg2+ 67. Kb3 Nd4+ 68. Kc4 Rc2+ 69. Nc3 Nc6 70. d4+ Ke6 71. Rxf4 {[%emt 0:00:11] Weighted Error Value: White=0.36/Black=0.28 (precise)} 1-0

[Event "7th Porticcio Open 2022"]
[Site "Porticcio"]
[Date "2022.07.05"]
[Round "5.4"]
[White "Yankelevich, Lev"]
[Black "Mastrovasilis, Athanasios"]
[Result "1-0"]
[ECO "D30"]
[WhiteElo "2496"]
[BlackElo "2527"]
[Annotator "TA"]
[PlyCount "79"]
[EventDate "2022.07.02"]
[EventType "swiss"]
[EventCountry "FRA"]
[SourceTitle "playchess.com"]
[Source "ChessBase"]
[SourceQuality "1"]
[TimeControl "5400+30"]

1. d4 d5 2. c4 e6 3. Nf3 a6 4. Bg5 Be7 5. Bxe7 Qxe7 6. Nbd2 {[%emt 0:00:43] D30: Queen's Gambit Declined: Systems without Nc3.} Nf6 7. g3 Nc6 8. Bg2 {[%emt 0:02:33] White is slightly better.} O-O 9. O-O Rd8 10. Rc1 dxc4 11. Rxc4 e5 {[%emt 0:00:43] [#]} (11... a5 $14) 12. Rxc6 $1 $16 bxc6 13. Nxe5 {[%emt 0:00:05][%mdl 64] [#] Discovered Attack} Bd7 $146 (13... Rxd4 $2 14. Nxc6 Qd6 15. Nxd4 $18) (13... Bb7 $16) ({Predecessor:} 13... Bb7 14. Bxc6 Rdb8 15. Qc2 Qe6 16. b3 Bxc6 17. Qxc6 Qd6 18. e3 Nd5 19. Rc1 a5 {1-0 (44) Grischuk,A (2777)-Vallejo Pons,F (2704) Moscow 2019}) 14. Bxc6 $18 ({Worse is} 14. Nxc6 Bxc6 15. Bxc6 Rab8 $11) 14... Bh3 15. Bxa8 Rxa8 16. Re1 Qb4 17. Nb3 Re8 18. Qd2 Qxd2 19. Nxd2 c5 20. Nef3 cxd4 21. Nxd4 Rc8 22. f3 h5 23. Kf2 Nd5 24. N2b3 Nb6 25. Rc1 Na4 26. g4 Rxc1 27. Nxc1 {[%emt 0:00:02] Threatens to win with Kg3.} Nxb2 {[%emt 0:02:07][%mdl 4096] Endgame KBN-KNN} 28. Kg3 (28. gxh5 Bc8 29. Kg3 Na4 $18) 28... hxg4 29. fxg4 Bf1 30. Nf3 Nc4 31. h4 g6 32. Ng1 {[%emt 0:03:24] White is clearly winning.} (32. Nh2 Nd2 33. Kf2 Bh3 $18) 32... Ne3 33. Kf3 ({Not} 33. Kf2 Bxe2 34. g5 Nf5 35. Ngxe2 Nxh4 $18) 33... Nd1 34. Nb3 Nc3 35. a3 Nb5 36. a4 Nc3 37. a5 f5 38. Kf2 fxg4 39. Kxf1 Kf7 40. e3 {[%emt 0:00:32] Black did not feel at home in the position after the opening.  Weighted Error Value: White=0.08 (flawless) /Black=0.29 (precise)} 1-0

[Event "7th Porticcio Open 2022"]
[Site "Porticcio"]
[Date "2022.07.05"]
[Round "5.5"]
[White "Peng, Li Min"]
[Black "Rakotomaharo, Fy Antenaina"]
[Result "1/2-1/2"]
[ECO "C92"]
[WhiteElo "2516"]
[BlackElo "2490"]
[Annotator "TA"]
[PlyCount "29"]
[EventDate "2022.07.02"]
[EventType "swiss"]
[EventCountry "FRA"]
[SourceTitle "playchess.com"]
[Source "ChessBase"]
[SourceQuality "1"]
[TimeControl "5400+30"]

1. e4 e5 2. Nf3 Nc6 3. Bb5 a6 4. Ba4 Nf6 5. O-O Be7 6. Re1 b5 7. Bb3 d6 8. c3 O-O 9. h3 Bb7 10. d4 Re8 11. Ng5 Rf8 12. Nf3 Re8 13. Ng5 Rf8 14. Nf3 Re8 {[%emt 0:00:24] [#] 14...h6 is the hot move.} 15. Ng5 $146 {A balanced but interesting game. C92: Closed Ruy Lopez: 9...Be6, Karpov and Flohr-Zaitsev Variations.} ({Predecessor:} 15. Nbd2 Bf8 16. a3 h6 17. Bc2 Nb8 18. b3 Nbd7 19. Bb2 g6 20. a4 Bg7 21. Bd3 c6 22. Qc2 Rc8 23. Bf1 Qc7 24. axb5 axb5 25. b4 Nb6 26. dxe5 dxe5 27. c4 bxc4 28. Nxc4 {½-½ (52) Nguyen,T (2610)-Harikrishna,P (2701) Prague 2022}) 1/2-1/2

[Event "7th Porticcio Open 2022"]
[Site "Porticcio"]
[Date "2022.07.05"]
[Round "5.6"]
[White "Bhawoodien, Mohamed Ozayr"]
[Black "Trent, Lawrence"]
[Result "0-1"]
[ECO "B72"]
[WhiteElo "2182"]
[BlackElo "2404"]
[Annotator "TA"]
[PlyCount "64"]
[EventDate "2022.07.02"]
[EventType "swiss"]
[EventCountry "FRA"]
[SourceTitle "playchess.com"]
[Source "ChessBase"]
[SourceQuality "1"]
[TimeControl "5400+30"]

1. e4 c5 2. Nf3 d6 3. d4 cxd4 4. Nxd4 Nf6 5. Nc3 g6 6. Be3 a6 7. f3 {[%emt 0:00:36] B72: Sicilian Dragon: 6 Be3, lines with h3+Bc4 and sidelines.} h5 8. Qd2 e5 9. Nb3 {[%emt 0:01:44] White is slightly better.} Be6 10. Be2 Nbd7 {[%emt 0:00:08] [#]} 11. Nd5 $146 ({Predecessor:} 11. Rd1 Rc8 12. O-O h4 13. h3 Nh5 14. Nd5 Bxd5 15. Qxd5 Qc7 16. Rf2 Be7 17. Qd2 {½-½ (35) Tsygankov,E (2433)-Oliveira,D (2225) LSS email 2014}) 11... Bxd5 12. exd5 Bg7 13. Na5 Qc7 14. c4 O-O 15. Rc1 e4 16. f4 Nc5 $1 17. b4 Ng4 $1 {[%emt 0:11:16][%cal Oc5d3] ...Nd3+! is the strong threat.} 18. Bxc5 (18. O-O $1 $11 Nxe3 19. Qxe3) 18... dxc5 $17 19. Bxg4 {[%emt 0:00:57] aiming for d6.} cxb4 {[%emt 0:08:52][%mdl 64] [#] Deflection} 20. Qxb4 (20. Bd1 $17 {was called for.} Qxa5 21. O-O) 20... Qxf4 $19 (20... hxg4 21. d6 Qd8 22. c5 $16) 21. Qd2 (21. Qa3 $142 hxg4 22. g3) 21... e3 ({Inferior is} 21... Qxg4 22. Qe2 $19) 22. Qe2 {[%emt 0:00:21] Strongly threatening Bf3.} hxg4 23. g3 Qc7 24. Nb3 {[%emt 0:00:12] [#]} a5 $1 {[%emt 0:00:44][%cal Ba6a5,Ba5a4][%mdl 32] And now ...a4 would win.} 25. O-O a4 26. Na1 Qc5 27. Rb1 $2 (27. Nc2 {might work better.}) 27... Rac8 28. Rfc1 ({Much weaker is} 28. Nc2 Qxc4 29. Qxc4 Rxc4) 28... b5 {[%emt 0:01:01] Black is clearly winning.} 29. Nc2 Qxc4 30. Qxc4 Rxc4 31. Na3 Rxc1+ 32. Rxc1 Bb2 {[%emt 0:00:02][%csl LRa3,LRc1] Weighted Error Value: White=0.57/Black=0.03 (flawless)} 0-1